 Dungeon Crawl Stone Soup version 0.30.0-29-ga12c61a403 (webtiles) character file.

Game seed: 14734073527346331512

48 DildoBatman the Conjurer (level 4, -7/32 HPs)
             Began as a Formicid Conjurer on June 6, 2023.
             Shot with an arrow by a centaur (10 damage)
             ... on level 4 of the Dungeon.
             The game lasted 00:02:22 (1137 turns).

DildoBatman the Conjurer (Formicid Conjurer)        Turns: 1137, Time: 00:02:23

Health: -7/32      AC:  2    Str: 12    XL:     4   Next: 0%
Magic:  4/7        EV: 12    Int: 19    God:
Gold:   72         SH:  0    Dex: 12    Spells: 5/8 levels left

rFire   . . .        a - +0 sling
rCold   . . .        (no shield)
rNeg    . . .        i - +0 robe
rPois   .            (helmet unavailable)
rElec   .            (no cloak)
rCorr   .            (no gloves)
SInv    +            (no boots)
Will    .....        (no amulet)
Stlth   ++           (no ring)
HPRegen 0.25/turn    (no ring)
MPRegen 0.10/turn

%: no passive effects
@: no status effects
A: permanent stasis, dig shafts and tunnels, antennae 3, four strong arms
a: Dig, Shaft Self


You were on level 4 of the Dungeon.
You visited 1 branch of the dungeon, and saw 3 of its levels.

You collected 72 gold pieces.

Inventory:

Hand Weapons
 a - a +0 sling (weapon)
 b - a +0 short sword
 e - a +0 whip
Missiles
 c - 7 stones
Armour
 i - a +0 robe (worn)
Scrolls
 d - a scroll of acquirement {unknown}
 f - a scroll of teleportation {unknown}
Potions
 g - a potion of magic
 h - a potion of attraction {unknown}


   Skills:
 * Level 1.3 Fighting
 * Level 1.2 Armour
 * Level 2.1 Dodging
 * Level 3.0 Stealth
 * Level 2.5 Spellcasting
 * Level 3.8 Conjurations


You had 5 spell levels left.
You knew the following spells:

 Your Spells              Type           Power      Damage    Failure   Level
a - Searing Ray           Conj           34%        2d5       4%          2
c - Magic Dart            Conj           68%        1d6       3%          1

Your spell library contained the following spells:

 Spells                   Type           Power      Damage    Failure   Level
 Dazzling Flash           Conj/Hex       18%        N/A       22%         3
 Fulminant Prism          Conj/Hex       4%         3d5       58%         4
 Iskenderun's Mystic Bla  Conj/Tloc      9%         2d4       58%         4


Dungeon Overview and Level Annotations

Branches:
Dungeon (2/15)

Altars:


Innate Abilities, Weirdness & Mutations

You cannot be hasted, slowed, berserked, paralysed or teleported.
You can dig through walls and to a lower floor.
You have a pair of large antennae on your head. (SInv)
Your four strong arms can wield two-handed weapons with a shield.


Message History

Orders for allies: a - Attack new target. r - Retreat! s - Stop attacking. g - Guard the area. f - Follow me.
Anything else - Cancel.
You shout for attention!
The centaur wields a +0 shortbow.
The centaur shoots an arrow.
The arrow hits you! What are your orders? t - Shout!
Orders for allies: a - Attack new target. r - Retreat! s - Stop attacking. g - Guard the area. f - Follow me.
Anything else - Cancel.
You shout for attention!
The centaur shoots an arrow.
The arrow hits you!
Ouch! That really hurt!
The centaur shoots an arrow.
The arrow closely misses you. What are your orders? t - Shout!
Orders for allies: a - Attack new target. r - Retreat! s - Stop attacking. g - Guard the area. f - Follow me.
Anything else - Cancel.
You shout for attention!
The centaur shoots an arrow.
The arrow hits you! What are your orders? t - Shout!
Orders for allies: a - Attack new target. r - Retreat! s - Stop attacking. g - Guard the area. f - Follow me.
Anything else - Cancel.
You shout for attention!
You hear a bark!
The centaur shoots an arrow.
The arrow hits you!
You die...

........# .....
......... .....
........##.....
....)..........
.............{
.........#
#...J.#c#
#..@....#
#..J.......
#..........
#..........
#..........
...####....
#... ..#. ###.
##


You could see a centaur and 2 endoplasms.

Vanquished Creatures
  An adder (D:2)
  A dart slug (D:2)
  2 bats (D:1)
  6 endoplasms
  2 giant cockroaches (D:1)
  2 goblins (D:2)
  2 hobgoblins
  5 jackals (D:1)
  2 quokkas (D:1)
  3 ball pythons
  A frilled lizard (D:1)
  2 kobolds (D:1)
  5 rats
34 creatures vanquished.

Notes
Turn   | Place    | Note
-------+----------+-------------------------------------------
     0 | D:1      | DildoBatman the Formicid Conjurer began the quest for the
                  | Orb.
     0 | D:1      | Reached XP level 1. HP: 13/13 MP: 3/3
   156 | D:1      | Reached XP level 2. HP: 20/20 MP: 0/5
   159 | D:1      | Learned a level 2 spell: Searing Ray
   390 | D:1      | Reached XP level 3. HP: 11/25 MP: 1/6
   391 | D:1      | Reached skill level 1 in Fighting
   517 | D:1      | Reached skill level 1 in Armour
   981 | D:2      | Found a faded altar of an unknown god.
  1126 | D:2      | Reached XP level 4. HP: 32/32 MP: 3/7
  1128 | D:2      | You fall into a shaft and drop 2 floors!
  1133 | D:4      | Noticed a centaur
  1137 | D:4      | Shot with an arrow by a centaur

Illustrated notes

Levels and vault maps discovered:
D:1:      dpeg_arrival_more_subterranean_lakeside_camping, layout_rooms
D:2:      layout_basic, chequers_ecumenical_altar_simple
D:4:      layout_cave_pools, portal_sewer_entry_c

Skill      XL: |  1  2  3 |
---------------+----------+-----
Dodging        | 2 |  2.1
Fighting       | 1 |  1.3
Armour         | 1 |  1.2
Stealth        | 3 |  3.0
Spellcasting   | |  2.5
Conjurations   | |  3.8

Action                     |  1- 3 |  4- 6 || total
---------------------------+-------+-------++-------
  Melee: Unarmed           |    15 |       ||    15
         Short sword       |    21 |       ||    21
         Whip              |    11 |       ||    11
   Fire: Sling             |     8 |       ||     8
   Cast: Magic Dart        |    50 |       ||    50
         Searing Ray       |     1 |       ||     1
Ability: Shaft Self        |       |     1 ||     1
   Stab: Sleeping          |     1 |       ||     1
 Armour: Robe              |    14 |       ||    14
  Dodge: Dodged            |    38 |     1 ||    39
